 Dungeon Crawl Stone Soup version 0.32-a0-841-g4648e6c457 (webtiles) character file.

Game seed: 13670369172425530782

60 GoldenjunoSP the Ruffian (level 3, 0/42 HPs)
             Began as a Draconian Shapeshifter on Mar 26, 2024.
             Was an Initiate of Uskayaw.
             Slain by Sigmund
             ... wielding a +0 scythe
              (4 damage)
             ... on level 2 of the Dungeon.
             The game lasted 00:10:28 (1367 turns).

GoldenjunoSP the Ruffian (Draconian Shapeshifter)   Turns: 1367, Time: 00:10:29

Health: 0/42       AC: 21    Str: 18    XL:     3   Next: 80%
Magic:  0/3        EV:  2    Int: 10    God:    Uskayaw [......]
Gold:   100        SH:  0    Dex: 10    Spells: 2/2 levels left

rFire   . . .        i - +3 quarterstaff (chaos)
rCold   . . .        (shield currently unavailable)
rNeg    . . .        (body armour unavailable)
rPois   +            (helmet currently unavailable)
rElec   .            (cloak currently unavailable)
rCorr   .            (gloves currently unavailable)
SInv    .            (boots currently unavailable)
Will    .....        (no amulet)
Stlth   +            (no ring)
HPRegen 0.27/turn    (no ring)
MPRegen 0.08/turn

%: no passive effects
@: tree-form
A: stationary, stasis, torment immunity, boosted hp, AC +5, unfitting armour,
(cold-blooded)
a: Renounce Religion


You were on level 2 of the Dungeon.
You worshipped Uskayaw.
Uskayaw was noncommittal.
You were a tree.
You visited 1 branch of the dungeon, and saw 2 of its levels.

You collected 100 gold pieces.

Inventory:

Hand Weapons
 e - a +0 spear
 i - a +3 quarterstaff of chaos (weapon)
Missiles
 h - 3 poisoned darts (quivered)
Armour
 f - a +0 tower shield
 j - a +1 cloak of preservation
Talismans
 b - a beast talisman (active)
 c - a flux talisman
Scrolls
 d - a scroll of teleportation
Potions
 a - 2 potions of lignification


   Skills:
 + Level 1.1 Fighting
 + Level 2.2 Dodging
 + Level 0.1 Stealth
 + Level 4.0 Unarmed Combat
 + Level 3.4 Shapeshifting


You had 2 spell levels left.
You didn't know any spells.
Your spell library contained the following spells:

 Spells                   Type           Power      Damage    Failure   Level
 Ensorcelled Hibernation  Hex/Ice        0%         N/A       50%         2
 Fugue of the Fallen      Necr           0%         N/A       75%         3
 Anguish                  Hex/Necr       0%         N/A       98%         4


Dungeon Overview and Level Annotations

Branches:
Dungeon (2/15)

Altars:
Uskayaw

Annotations:
D:2 Sigmund


Innate Abilities, Weirdness & Mutations

You are a tree.
Your roots penetrate the ground, keeping you stationary.
You cannot be teleported.
You are immune to unholy pain and torment.
Your maximum health is greatly increased.
Your equipment is partially melded.
((Your plain brown scales are hard. (AC +5)))
You cannot fit into any form of body armour.
((You are cold-blooded and may be slowed by cold attacks.))


Message History

Something hits you. Something hits you. Something hits you.
You feel yourself speed up. Something hits you but does no damage.
You closely miss something.
Your tail-slap misses something.
You sock something!
Your tail-slap misses something.
Reactivating autopickup.
Sigmund appears from thin air!
Sigmund points at you and mumbles some strange words.
The puff of flame hits you. Sigmund hits you with a +0 scythe.
You barely miss Sigmund.
Your tail-slap misses Sigmund.
Sigmund is moderately wounded.
Sigmund hits you but does no damage.
You hit Sigmund. You burn Sigmund.
Sigmund is heavily wounded.
You can now pass through a line of other dancers.
You barely miss Sigmund.
Sigmund is heavily wounded.
Sigmund hits you with a +0 scythe!
* * * LOW HITPOINT WARNING * * *
Your transformation has ended.
You turn into a tree.
Your roots penetrate the ground.
Sigmund hits you but does no damage.
Sigmund mumbles some strange words.
Sigmund flickers and vanishes!
Deactivating autopickup; reactivate with Ctrl-A.
Something hits you.
* * * LOW HITPOINT WARNING * * *
You can no longer pass through a line of other dancers.
Something hits you but does no damage.
You stomp with the beat, sending a shockwave through the revellers around you!
You can no longer stomp with the beat.
Something completely misses you. Something hits you but does no damage.
Something hits you but does no damage.
Okay, then.
Something hits you.
You die...
Your body falls in perfect tune with the rhythm.

#.#..###.#.##..###.# ##....# #
##...# #..†......#.###..#..## #
#.#..###.#.##..#.#..........#####
.........#†##......~⌠⌠.~⌠~......#
..............##...P.....~.......
....#####..##.##...~.#.#.⌠.##.###
.##.## #..##.##.<.~.#.#.⌠....# #
.....# #..##.##{..~.#_#.~.##.# #
.##.## #.###...♣.÷P.###.~.# ...
.##.#####.# ###....~.....⌠.# .#
.##..{....# #....⌠⌠⌠~~~~.### #
.##(####### #.##............. #
>.... #.####............ #.#...
#.# #######.##### #.....# #.# .#
# #...> #.# .# ?.#@## .#


There were no monsters in sight!

Vanquished Creatures
  Crazy Yiuf (D:2)
  An adder (D:2)
  A dart slug (D:2)
  2 endoplasms (D:1)
  3 giant cockroaches
  2 hobgoblins
  A quokka (D:1)
  2 ball pythons (D:1)
  2 bats
  3 frilled lizards
  4 kobolds (D:1)
  A rat (D:1)
23 creatures vanquished.

Notes
Turn   | Place    | Note
-------+----------+-------------------------------------------
     0 | D:1      | GoldenjunoSP the Draconian Shapeshifter began the quest for
                  | the Orb.
     0 | D:1      | Reached XP level 1. HP: 16/16 MP: 1/1
   197 | D:1      | Reached XP level 2. HP: 23/23 MP: 2/2
  1006 | D:2      | Noticed Sigmund
  1067 | D:2      | Found a faded altar of an unknown god.
  1079 | D:2      | Prayed at the altar of an unknown god.
  1079 | D:2      | Became a worshipper of Uskayaw the Reveller
  1079 | D:2      | Reached * piety under Uskayaw
  1172 | D:2      | Reached XP level 3. HP: 27/28 MP: 3/3
  1180 | D:2      | Reached ** piety under Uskayaw
  1245 | D:2      | Found a runed translucent door.
  1246 | D:2      | Noticed Crazy Yiuf
  1253 | D:2      | Killed Crazy Yiuf
  1254 | D:2      | Reached skill level 4 in Unarmed Combat
  1359 | D:2      | HP: 2/42 [something (3)]
  1367 | D:2      | Slain by Sigmund

Illustrated notes

Levels and vault maps discovered:
D:1:      evilmike_arrival_plus, layout_loops_corners
D:2:      layout_loops_ring, shapermc_ecumenical_altar_acropolis,
          uniq_crazy_yiuf_cottage, uniq_sigmund

Skill      XL: |  1  2  3 |
---------------+----------+-----
Dodging        | 2 |  2.2
Unarmed Combat | 4 |  4.0
Fighting       | |  1.1
Stealth        | |  0.1
Shapeshifting  | |  3.4

Action                     || total
---------------------------++-------
  Melee: Unarmed           ||    43
         Tailslap          ||     9
         Punch             ||     2
         Spear             ||    30
         Quarterstaff      ||     5
  Throw: Dart              ||     4
 Invoke: Stomp             ||     2
    Use: Scroll            ||     5
         Potion            ||     4
 Armour: Skin              ||    68
  Dodge: Dodged            ||    28

Table legend: (Time is in decaauts)
 A = Elapsed time spent in this place.
 B = Non-inter-level travel time spent in this place.
 C = Inter-level travel time spent in this place.
 D = Time resting spent in this place.
 E = Time spent auto-exploring this place.
 F = Levels seen in this place.
 G = Mean time per level.
                   A        B        C        D        E       F      G
               +--------+--------+--------+--------+--------+-----+--------+
         Total |   1421 |   1383 |     38 |      0 |    756 |   2 |  710.5 |
       Dungeon |   1421 |   1383 |     38 |      0 |    756 |   2 |  710.5 |
               +--------+--------+--------+--------+--------+-----+--------+

Top non-repeatable levels by time:
     D:1: 1027 daAuts
     D:2: 394 daAuts
